AoeStats
← 17525

Runestones

507313563Analyzed
1v1 RM · 16d ago on Sep 17, 2026· 37m 57s· 2 players
Game mode
Random Map
Map size
Tiny (2 player)
Population
200
Speed
Normal
Resources
Standard
Victory
Conquest
Starting age
Dark Age
Ending age
Imperial Age
RankedLock teamsTeams togetherTeam positionsShared explorationLock speedFull tech treeHidden civsTurbo modeCheats
Victory
Defeat
🇬🇷 Teutons · Greece
299
+18
🇹🇼 Huns · Taiwan
348
-18
kiros
8:22 Loom
12:35 Feudal Age
19:57 Castle Age
34:54 Imperial Age
17525
11:02 Feudal Age
14:14 Horse Collar
25:13 Castle Age
24:28 Double-Bit Axe
26:57 Heavy Plow
27:00 Padded Archer Armor
27:49 Wheelbarrow
30:57 Gold Mining
31:26 Thumb Ring
30:45 Pikeman
31:58 Fletching
32:21 Stone Mining
40:15 Imperial Age
Connection lost

Rejoining the realm…

Still unreachable

The connection could not be restored.

Session expired

The server has moved on; the page needs a fresh start.